 Dungeon Crawl Stone Soup version 0.29-a0-459-g97dee8cd24 (webtiles) character file.

Game seed: 666117773668345955

604 happo123 the Ducker (level 7, 0/49 HPs)
             Began as a Djinni Earth Elementalist on May 21, 2022.
             Slain by a killer bee (7 damage)
             ... on level 4 of the Dungeon.
             The game lasted 00:23:47 (2825 turns).

happo123 the Ducker (Djinni Earth Elementalist)     Turns: 2825, Time: 00:23:50

Health: 0/49       AC:  4    Str:  7    XL:     7   Next: 70%
Gold:   299        EV: 14    Int: 18    God:
                   SH:  0    Dex: 14

rFire   + + .      SeeInvis .   j - +1 quarterstaff (spect)
rCold   x . .      Faith    .   (shield currently unavailable)
rNeg    . . .      Spirit   .   b - +0 robe
rPois   ∞          Reflect  .   (no helmet)
rElec   .          Harm     .   w - +0 cloak
rCorr   .          Rampage  .   u - +0 pair of gloves
Will    .....                   (boots unavailable)
Stlth   ++........              o - amulet of regeneration
HPRegen 0.96/turn               (no ring)
MPRegen 0.00/turn               (no ring)

@: about to teleport, flying
A: sickness immunity, fire resistance 2, cold vulnerability 1, float, innate
caster, HP casting, extra vitality 1
a: no special abilities


You were on level 4 of the Dungeon.
You visited 1 branch of the dungeon, and saw 4 of its levels.
You also visited: Sewer.

You collected 299 gold pieces.

Inventory:

Hand Weapons
 g - a +0 vampiric short sword
 i - a +2 hand axe of freezing
 j - a +1 spectral quarterstaff (weapon)
 v - a +3 quarterstaff of chaos
 y - the +8 rapier of Cuuz {pain, rElec rCorr Str+2 Stlth-}
   (You found it in a sewer)

   In the hands of one skilled in necromantic magic, it inflicts extra damage on
   living creatures.
   Your inability to study Necromancy prevents you from drawing on the full
   power of this weapon.
   Str:       It affects your strength (+2).
   rElec:     It insulates you from electricity.
   rCorr:     It protects you from acid and corrosion.
   Stlth:     It makes you less stealthy.
Missiles
 a - 51 stones
Armour
 b - a +0 robe (worn)
 k - a +0 leather armour
 u - a +0 pair of gloves (worn)
 w - a +0 cloak (worn)
Magical Staves
 r - a staff of cold
Jewellery
 o - an amulet of regeneration (around neck)
Wands
 n - a wand of flame (17)
Scrolls
 f - a scroll of vulnerability {unknown}
 l - 3 scrolls of identify {unknown}
 p - 2 scrolls of magic mapping {unknown}
 s - a scroll of enchant armour {unknown}
 t - a scroll of brand weapon {unknown}
 x - a scroll of teleportation
Potions
 c - 6 potions of curing {unknown}
 d - a potion of resistance {unknown}
 e - a potion of ambrosia {unknown}
 h - 2 potions of magic {unknown}
 m - a potion of haste {unknown}
 q - a potion of cancellation {unknown}
 z - a potion of attraction {unknown}
 A - a potion of degeneration {unknown}


   Skills:
 + Level 2.3 Fighting
 + Level 2.1 Armour
 * Level 4.8 Dodging
 * Level 3.8 Stealth
 * Level 3.8 Spellcasting


You couldn't memorise any spells.
You knew the following spells:

 Your Spells              Type           Power      Damage    Failure   Level
a - Sandblast             Erth           34%        2d9       3%          1
b - Passwall              Tmut/Erth      14%        N/A       4%          2
c - Stone Arrow           Conj/Erth      34%        3d9       10%         3
d - Petrify               Tmut/Erth      17%        N/A       30%         4
e - Slow                  Hex            68%        N/A       3%          1
f - Static Discharge      Conj/Air       17%        N/A       4%          2
g - Summon Guardian Gole  Hex/Summ       17%        N/A       10%         3
Your spell library was empty.

Dungeon Overview and Level Annotations

Branches:
Dungeon (4/15)              Sewer (visited)
 Temple: D:4-7

Altars:
Makhleb


Innate Abilities, Weirdness & Mutations

You are immune to sickness and miasma.
You are immune to poison.
Your flesh is very heat resistant. (rF++)
You are vulnerable to cold. (rC-)
You float through the air rather than walking.
You learn spells naturally, not from books.
Your magical power is your life essence.
You have superior vitality. (+4 MHP)


Message History

The killer bee is struck by an arc of lightning!
The killer bee is severely wounded.
You are struck by an arc of lightning.
The lightning grounds out.
The killer bee misses you.
A killer bee comes into view.
The killer bee stings you but does no damage.
You miss the killer bee.
The killer bee is severely wounded.
The killer bee completely misses you.
The killer bee stings your guardian golem.
The killer bee barely misses your guardian golem.
The killer bee stings you.
* * * LOW HITPOINT WARNING * * *
The killer bee barely misses you.
The killer bee stings your guardian golem but does no damage.
You closely miss the killer bee.
The killer bee is severely wounded.
The killer bee stings you!
* * * LOW HITPOINT WARNING * * *
The killer bee stings your guardian golem but does no damage.
The killer bee stings your guardian golem!
The killer bee stings you but does no damage.
Your guardian golem overheats!
The killer bee barely misses you.
The killer bee stings your guardian golem.
Flame seeps out of your guardian golem.
As you read the scroll of teleportation, it crumbles to dust.
You feel strangely unstable. The killer bee closely misses you.
The killer bee stings your guardian golem.
Flame seeps out of your guardian golem.
Your guardian golem is engulfed in blazing flames.
Your guardian golem disappears in a puff of smoke!
Your guardian golem explodes!
The fiery explosion engulfs the hobgoblin!!
The hobgoblin dies!
The fiery explosion engulfs the killer bee!
The killer bee is engulfed in blazing flames.
The killer bee dies!
The killer bee stings you!
You die...

...#####..#.†##.#..# ...#
#..'†.#.#...#.# #'##
#.†'...#.#..#.# #.#
#..#..#.##..#.# ## #.#
#..#........#.# .# #.#
#..#........#.# .# #.#
#..##########.# ?##
#.######........##y..###..####.
#...............@yy§°§.........
..###################§.†.......
### #...9..!... #..........
#.!$..).... #..........
#.......... #######'##. .#


You could see 3 killer bees.

Vanquished Creatures
  A scorpion (D:3)
  A killer bee (D:4)
  Crazy Yiuf (D:3)
  2 hounds (D:4)
  3 iron imps (D:4)
  An iguana (D:4)
  Natasha (thrice) (D:4)
  A merfolk siren (Sewer)
  A merfolk avatar (Sewer)
  9 adders
  A worm (D:4)
  5 dart slugs
  11 ball pythons
  3 bats
  10 endoplasms
  5 giant cockroaches
  6 goblins
  7 hobgoblins
  4 quokkas
  5 frilled lizards
  8 kobolds
  24 rats
112 creatures vanquished.

Vanquished Creatures (others)
  A killer bee (D:4)
  A hobgoblin (D:4)
2 creatures vanquished.

Grand Total: 114 creatures vanquished

Notes
Turn   | Place    | Note
-------+----------+-------------------------------------------
     0 | D:1      | happo123 the Djinni Earth Elementalist began the quest for
                  | the Orb.
     0 | D:1      | Reached XP level 1. HP: 15/15 MP: 0/0
    86 | D:1      | Reached XP level 2. HP: 17/21 MP: 0/0
   525 | D:1      | Reached XP level 3. HP: 20/25 MP: 0/0
   525 | D:1      | Learned a level 1 spell: Slow
   902 | D:2      | Found a faded altar of an unknown god.
   908 | D:2      | Reached skill level 3 in Dodging
   914 | D:2      | Reached XP level 4. HP: 21/31 MP: 0/0
  1569 | D:3      | Reached skill level 1 in Fighting
  1569 | D:3      | Reached XP level 5. HP: 32/37 MP: 0/0
  1569 | D:3      | Learned a level 2 spell: Static Discharge
  1626 | D:3      | Reached skill level 1 in Armour
  2196 | D:3      | Found a runed translucent door.
  2197 | D:3      | Noticed Crazy Yiuf
  2205 | D:3      | Killed Crazy Yiuf
  2206 | D:3      | Reached XP level 6. HP: 25/42 MP: 0/0
  2310 | D:4      | Found a burning altar of Makhleb.
  2319 | D:4      | Reached skill level 4 in Dodging
  2421 | D:4      | Found a glowing drain.
  2425 | Sewer    | Entered a sewer
  2491 | Sewer    | Reached XP level 7. HP: 29/48 MP: 0/0
  2491 | Sewer    | Learned a level 3 spell: Summon Guardian Golem
  2697 | Sewer    | Identified the +8 rapier of Cuuz {pain, rElec rCorr Str+2
                  | Stlth-}
  2752 | D:4      | Noticed Natasha
  2760 | D:4      | Killed Natasha
  2779 | D:4      | Noticed Natasha
  2782 | D:4      | Killed Natasha
  2803 | D:4      | Noticed Natasha
  2809 | D:4      | Killed Natasha
  2825 | D:4      | Slain by a killer bee

Illustrated notes

Levels and vault maps discovered:
D:1:      minmay_arrival_arboretum_small, layout_basic,
          nicolae_concentric_dashed_squares_wild
D:2:      layout_loops_ring, nicolae_ecumenical_snake_handling,
          lemuel_old_faithful
D:3:      layout_basic, uniq_crazy_yiuf_cottage
D:4:      layout_basic, demons_altar, gup_sewer_entry_spiral,
          kennysheep_generic_room_4, uniq_natasha

Skill      XL: |  1  2  3  4  5  6  7 |
---------------+----------------------+-----
Stealth        | 2 3 |  3.8
Dodging        | 3 4 |  4.8
Spellcasting   | 3 |  3.8
Fighting       | 1 2 |  2.3
Armour         | 1 2 |  2.1

Action                   |  1- 3 |  4- 6 |  7- 9 || total
-------------------------+-------+-------+-------++-------
Melee: Short sword       |     4 |       |       ||     4
       Quarterstaff      |     8 |    26 |    15 ||    49
 Cast: Sandblast         |    24 |    58 |    20 ||   102
       Passwall          |     2 |     2 |     2 ||     6
       Stone Arrow       |       |    14 |     8 ||    22
       Static Discharge  |       |     1 |     8 ||     9
       Summon Guardian G |       |       |     1 ||     1
  Use: Scroll            |       |       |     1 ||     1
 Stab: Sleeping          |     3 |     7 |     1 ||    11
Armor: Robe              |     4 |     6 |    10 ||    20
Dodge: Dodged            |     6 |    39 |    44 ||    89

Table legend: (Time is in decaauts)
 A = Elapsed time spent in this place.
 B = Non-inter-level travel time spent in this place.
 C = Inter-level travel time spent in this place.
 D = Time resting spent in this place.
 E = Time spent auto-exploring this place.
 F = Levels seen in this place.
 G = Mean time per level.
                   A        B        C        D        E       F      G
               +--------+--------+--------+--------+--------+-----+--------+
         Total |   2838 |   1988 |    850 |      0 |   1214 |   5 |  567.6 |
       Dungeon |   2551 |   1701 |    850 |      0 |   1186 |   4 |  637.8 |
         Sewer |    287 |    287 |      0 |      0 |     28 |   1 |  287.0 |
               +--------+--------+--------+--------+--------+-----+--------+

Top non-repeatable levels by time:
     D:1: 891 daAuts
     D:3: 718 daAuts
     D:2: 657 daAuts
   Sewer: 287 daAuts
     D:4: 283 daAuts
